 Dungeon Crawl Stone Soup version 0.29-a0-284-gf9362112df (webtiles) character file.

Game seed: 2519167272429082110

620 sammy202020 the Skirmisher (level 7, -4/58 HPs)
             Began as a Palentonga Fighter on Mar 20, 2022.
             Slain by Crazy Yiuf
             ... wielding a +3 quarterstaff of chaos
              (20 damage)
             ... on level 4 of the Dungeon.
             The game lasted 00:07:49 (5056 turns).

sammy202020 the Skirmisher (Palentonga Fighter)     Turns: 5056, Time: 00:07:50

Health: -4/58      AC: 15    Str: 20    XL:     7   Next: 22%
Magic:  7/7        EV:  5    Int: 10    God:
Gold:   367        SH:  4    Dex:  9    Spells: 6/6 levels left

rFire   . . .      SeeInvis +   a - +1 war axe
rCold   . . .      Faith    .   c - +0 buckler
rNeg    . . .      Spirit   .   g - +0 chain mail
rPois   .          Reflect  .   (no helmet)
rElec   .          Harm     .   (no cloak)
rCorr   .          Rampage  .   (no gloves)
Will    .....                   (no barding)
Stlth   ..........              (no amulet)
HPRegen 0.19/turn               (no ring)
MPRegen 0.10/turn               (no ring)

@: curled up
A: large, rugged brown scales 3, see invisible, deformed body, roll 1, armoured
tail, reflexive curl
a: Rolling Charge


You were on level 4 of the Dungeon.
You visited 1 branch of the dungeon, and saw 4 of its levels.
You also visited: Sewer.

You collected 367 gold pieces.

Inventory:

Hand Weapons
 a - a +1 war axe (weapon)
 t - a +0 flail
Armour
 c - a +0 buckler (worn)
 g - a +0 chain mail (worn)
Jewellery
 s - an amulet of faith
Wands
 k - a wand of iceblast (10)
 o - a wand of acid (10)
Scrolls
 f - a scroll of fear
 p - 2 scrolls of identify
 q - 2 scrolls of teleportation
Potions
 b - a potion of lignification
 d - 3 potions of might
 e - 2 potions of magic {unknown}
 h - a potion of mutation {unknown}
 j - 8 potions of curing
 l - a potion of brilliance
 m - 2 potions of invisibility
 n - a potion of flight {unknown}
 u - a potion of berserk rage


   Skills:
 * Level 4.7 Fighting
 * Level 4.1 Axes
 * Level 3.9 Armour
 + Level 1.7 Dodging
 * Level 3.8 Shields


You had 6 spell levels left.
You didn't know any spells.
Your spell library contained the following spells:

 Spells                   Type           Power      Damage    Failure   Level
 Animate Skeleton         Necr           0%         N/A       99%         1
 Pain                     Necr           0%         1d4       99%         1
 Vampiric Draining        Necr           0%         2d6       100%        3


Dungeon Overview and Level Annotations

Branches:
Dungeon (4/15)              Sewer (visited)
 Temple: D:4-7

Altars:

Shops:
D:1 [

Annotations:
D:4 Crazy Yiuf


Innate Abilities, Weirdness & Mutations

You are completely covered in rugged brown scales. (AC +3, +7% HP)
You have supernaturally acute eyesight. (SInv)
Armour fits poorly on your strangely shaped body.
You can roll at nearby foes to attack.
You have a long armoured tail.
You curl defensively after being hit. (AC +7*)


Message History

The black bear bites you but does no damage.
The black bear claws you. x2
The black bear bites you but does no damage.
The black bear claws you but does no damage. x2
You hit the black bear.
You kill the black bear!
Your Axes skill increases to level 4!
No target in view!
Items here: ))))) [[ †††.
Things that are here:
a +0 trident; an orc corpse
Things that are here:
a +0 hand axe; a +0 ring mail; an orc skeleton
There is a stone staircase leading down here.
Crazy Yiuf shouts!
Could not explore, unopened runed door.
No reachable target in view!
No reachable target in view!
No reachable target in view!
No reachable target in view!
No reachable target in view!
No reachable target in view!
As you open the door, it creaks loudly!
You completely miss Crazy Yiuf.
Crazy Yiuf hits you with a +3 quarterstaff of chaos.
Crazy Yiuf freezes you.
You barely miss Crazy Yiuf.
Crazy Yiuf says, "Proton hog sing!"
Crazy Yiuf drinks a potion.
Crazy Yiuf goes berserk!
Crazy Yiuf hits you with a +3 quarterstaff of chaos!
You hit Crazy Yiuf.
Your tail-slap misses Crazy Yiuf.
Crazy Yiuf is lightly wounded.
Crazy Yiuf barely misses you.
Crazy Yiuf hits you with a +3 quarterstaff of chaos!!
Crazy Yiuf freezes you!
* * * LOW HITPOINT WARNING * * *
You hit Crazy Yiuf but do no damage.
Crazy Yiuf is lightly wounded.
Crazy Yiuf hits you with a +3 quarterstaff of chaos!!
You die...

#...####... #..##
##.. #..# ##.
#### #. #. #. ###
###### ##.
#)..### ##....##
#..
#...g@####......#
#..
#...##..#.......#
#>. ###
###.#......# ##..
#######..###...
#........
#........
####..... ##....
##...


You could see Crazy Yiuf (berserk).

Vanquished Creatures
  A black bear (D:4)
  A water moccasin (Sewer)
  An ogre (D:4)
  2 orc priests
  2 iguanas (D:4)
  3 orc wizards
  4 adders
  3 worms
  3 dart slugs
  12 orcs
  11 bats
  7 endoplasms
  4 giant cockroaches
  8 goblins
  11 hobgoblins
  3 jackals (D:1)
  A quokka (D:3)
  7 ball pythons
  7 frilled lizards
  6 kobolds
  5 rats
102 creatures vanquished.

Notes
Turn   | Place    | Note
-------+----------+-------------------------------------------
     0 | D:1      | sammy202020 the Palentonga Fighter began the quest for the
                  | Orb.
     0 | D:1      | Reached XP level 1. HP: 19/19 MP: 1/1
   128 | D:1      | Found Gezoiddo's Armour Emporium.
   285 | D:1      | Reached XP level 2. HP: 25/25 MP: 2/2
   789 | D:1      | Reached XP level 3. HP: 23/31 MP: 3/3
  2303 | D:3      | Reached XP level 4. HP: 35/37 MP: 4/4
  2424 | D:3      | Found a glowing drain.
  2439 | Sewer    | Entered a sewer
  2583 | Sewer    | Noticed a water moccasin
  2598 | Sewer    | Killed a water moccasin
  2599 | Sewer    | Reached skill level 1 in Dodging
  2599 | Sewer    | Reached XP level 5. HP: 19/44 MP: 5/5
  3303 | D:3      | Reached XP level 6. HP: 11/51 MP: 6/6
  3767 | D:3      | Found a faded altar of an unknown god.
  4223 | D:4      | Found a runed translucent door.
  4224 | D:4      | Noticed Crazy Yiuf
  4761 | D:4      | Gained mutation: You curl defensively after being hit. (AC
                  | +7*) [Palentonga growth]
  4761 | D:4      | Reached XP level 7. HP: 52/58 MP: 7/7
  5056 | D:4      | Slain by Crazy Yiuf

Illustrated notes

Levels and vault maps discovered:
D:1:      minmay_arrival_stair_chambers, layout_loops_ring, serial_shops,
          shop_coins
D:2:      layout_basic
D:3:      layout_loops_cross, cheibrodos_sewer_entry_bend,
          hellmonk_ecumenical_altar_leap_of_faith
D:4:      black_bear_nest_1, layout_layer_cave, uniq_crazy_yiuf_cottage

Skill      XL: |  1  2  3  4  5  6  7 |
---------------+----------------------+-----
Armour         | 3 |  3.9
Axes           | 3 4 |  4.1
Dodging        | 1 |  1.7
Shields        | 3 |  3.8
Fighting       | 4 |  4.7

Action                   |  1- 3 |  4- 6 |  7- 9 || total
-------------------------+-------+-------+-------++-------
Melee: War axe           |   127 |   135 |    21 ||   283
       Tailslap          |    10 |    11 |     2 ||    23
 Abil: Rolling Charge    |       |     1 |       ||     1
  Use: Scroll            |       |    13 |       ||    13
       Potion            |       |     3 |       ||     3
Armor: Scale mail        |    15 |       |       ||    15
       Chain mail        |    80 |   108 |    15 ||   203
Dodge: Dodged            |    32 |    50 |     6 ||    88
Block: Buckler           |    30 |    31 |     9 ||    70

Table legend: (Time is in decaauts)
 A = Elapsed time spent in this place.
 B = Non-inter-level travel time spent in this place.
 C = Inter-level travel time spent in this place.
 D = Time resting spent in this place.
 E = Time spent auto-exploring this place.
 F = Levels seen in this place.
 G = Mean time per level.
                   A        B        C        D        E       F      G
               +--------+--------+--------+--------+--------+-----+--------+
         Total |   5171 |   5171 |      0 |      3 |   4246 |   5 | 1034.2 |
       Dungeon |   4948 |   4948 |      0 |      3 |   4128 |   4 | 1237.0 |
         Sewer |    223 |    223 |      0 |      0 |    118 |   1 |  223.0 |
               +--------+--------+--------+--------+--------+-----+--------+

Top non-repeatable levels by time:
     D:3: 1622 daAuts
     D:4: 1263 daAuts
     D:1: 1209 daAuts
     D:2: 853 daAuts
   Sewer: 223 daAuts
